Map: Orbital Shipyard

Players

DigitalzEX - Winner!

  • Race: Zerg Zerg
  • League: Diamond

LilDicky

  • Race: Terran Terran
  • League: Diamond

VOD

http://www.twitch.tv/tumescentpie

Description

Time

  • Played on: Jan. 5, 2016, 9:40 p.m.
  • Length: 13:10
Show
View Real Time Build Order
Export as new Build Order

DigitalzEX Zerg - Winner!

Build Orders: Hatch First, Muta Ling Bane 

Get SALT Encoding   

  12  0:02  Drone  
  13  0:15  Drone  
  13  0:18  Overlord  
  14  0:37  Drone x3  
  17  0:52  Hatchery  
  16  0:57  Drone  
  17  1:10  Spawning Pool  
  16  1:12  Drone  
  16  1:17  Drone  
  18  1:20  Extractor  
  17  1:31  Drone, Overlord  
  18  1:56  Zergling x4  
  18  1:58  Queen  
  22  2:03  Drone  
  22  2:05  Queen  
  25  2:09  Drone  
  26  2:20  Drone x2  
  28  2:25  Drone  
  28  2:29  Drone  
  30  2:31  Metabolic Boost  
  30  2:39  Overlord  
  30  2:42  Drone  
  31  2:49  Drone x2  
  33  3:02  Hatchery  
  33  3:03  Drone x2  
  34  3:14  Drone x4  
  34  3:17  Queen  
  34  3:19  Overlord  
  40  3:25  Overlord  
  40  3:34  Drone  
  40  3:35  Drone x2  
  40  3:39  Roach Warren  
  42  3:45  Drone  
  42  3:46  Drone x3  
  46  3:49  Extractor  
  45  3:55  Evolution Chamber  
  45  3:57  Drone  
  45  3:58  Drone x4  
  45  4:02  Extractor  
  48  4:09  Lair  
  48  4:13  Drone x3, Extractor  
  50  4:26  Overlord x2  
  50  4:28  Overlord  
  50  4:36  Overlord x2  
  50  4:37  Zerg Missile Weapons Level 1  
  50  4:43  Drone x3  
  50  4:44  Spore Crawler  
  58  4:45  Roach x3  
  58  4:47  Roach  
  60  4:58  Drone x4  
  64  5:04  Drone x2  
  64  5:05  Spore Crawler  
  64  5:06  Drone x2  
  67  5:19  Drone x2  
  67  5:20  Drone x3, Spire  
  70  5:30  Roach x3, Zergling x2  
  70  5:31  Zergling x2  
  78  5:36  Ravager x4  
  78  5:40  Roach x2  
  78  5:41  Roach, Zergling x4  
  90  5:49  Zergling x6  
  93  5:57  Zergling x6  
  93  6:02  Zergling x2, Extractor  
  93  6:03  Zergling x6  
  97  6:11  Baneling Nest, Overlord  
  96  6:12  Overlord  
  96  6:16  Ravager x2  
  96  6:17  Roach x2  
  91  6:26  Zergling x8  
  91  6:27  Zergling x4  
  91  6:34  Roach x5  
  101  6:45  Drone x3  
  101  6:46  Zerg Ground Armor Level 1  
  104  6:48  Overseer  
  104  6:51  Drone x3  
  107  6:55  Drone x2  
  107  6:58  Infestation Pit  
  108  7:03  Drone  
  106  7:19  Drone x4  
  106  7:20  Drone x2  
  108  7:30  Drone x2  
  108  7:31  Drone x4  
  108  7:33  Extractor  
  113  7:38  Hive  
  113  7:39  Evolution Chamber  
  113  7:41  Drone x2  
  113  7:52  Hatchery  
  104  8:02  Hatchery  
  82  8:08  Mutalisk x2  
  82  8:09  Mutalisk x6  
  89  8:22  Spore Crawler  
  89  8:26  Zergling x8  
  92  8:27  Zergling x16  
  100  8:36  Mutalisk x3  
  100  8:38  Zergling x6  
  100  8:39  Centrifical Hooks  
  109  8:55  Zergling x6  
  110  8:56  Overlord x4, Zergling x4  
  114  9:04  Extractor  
  114  9:05  Extractor  
  112  9:10  Hatchery  
  112  9:16  Mutalisk x4  
  119  9:20  Greater Spire  
  115  9:30  Zergling x2  
  115  9:31  Zergling x22  
  127  9:37  Zerg Ground Armor Level 2  
  127  9:39  Zerg Melee Weapons Level 1  
  127  9:46  Zergling x2  
  127  9:47  Zergling x22  
  127  9:52  Overseer  
  135  9:54  Pathogen Glands  
  123  10:00  Drone x6  
  129  10:14  Corruptor x5  
  129  10:16  Zergling x22  
  142  10:34  Corruptor x3  
  146  10:35  Zergling x2  
  146  10:36  Zergling x8  
  150  10:44  Overlord x2  
  150  10:45  Extractor  
  137  11:09  Brood Lord x3  
  137  11:10  Brood Lord  
  145  11:15  Brood Lord  
  145  11:16  Brood Lord  
  145  11:17  Zergling x10  
  145  11:18  Zergling x12  
  160  11:26  Drone  
  160  11:27  Drone x3  
  160  11:28  Drone x2  
  160  11:29  Drone x2  
  160  11:31  Overlord  
  160  11:32  Overlord  
  168  11:45  Overlord x3  
  168  11:50  Corruptor x2  
  172  11:56  Corruptor x2  
  172  11:58  Corruptor  
  178  12:08  Baneling x7  
  178  12:09  Baneling  
  174  12:28  Corruptor x5  
  174  12:29  Corruptor x3  
  188  12:38  Corruptor x3  
  189  12:47  Overlord x3  
Show
View Real Time Build Order
Export as new Build Order

LilDicky Terran 

Build Orders: Command Center First (CC), Mech 

Get SALT Encoding   

  12  0:02  SCV  
  13  0:14  SCV  
  13  0:20  Supply Depot  
  14  0:27  SCV  
  15  0:41  SCV  
  16  0:54  SCV  
  17  1:02  Command Center  
  17  1:06  SCV  
  18  1:15  Barracks  
  18  1:19  SCV  
  19  1:31  SCV  
  20  1:37  Refinery  
  20  1:39  Refinery  
  20  1:43  SCV  
  21  1:55  SCV  
  22  2:03  Supply Depot  
  23  2:13  Orbital Command, Marine  
  23  2:14  Orbital Command  
  23  2:29  Factory  
  23  2:39  SCV  
  23  2:41  SCV  
  23  2:42  Barracks Reactor  
  25  2:49  Supply Depot  
  25  2:54  SCV  
  25  2:55  SCV  
  27  3:06  SCV  
  28  3:13  Factory Tech Lab  
  28  3:17  SCV  
  28  3:18  Marine x2  
  31  3:21  SCV  
  31  3:22  Refinery  
  31  3:23  Refinery  
  32  3:35  Factory x2  
  32  3:40  SCV x2  
  34  3:41  Marine x2  
  34  3:42  Siege Tank  
  39  3:50  Supply Depot  
  39  3:52  SCV  
  39  3:56  SCV  
  39  3:59  Armory, Marine  
  39  4:00  Marine  
  42  4:04  SCV  
  42  4:07  Supply Depot  
  42  4:08  SCV  
  44  4:18  Factory Reactor  
  44  4:21  Factory Tech Lab  
  44  4:22  Siege Tank  
  44  4:23  Marine x2  
  49  4:24  SCV  
  50  4:34  SCV  
  50  4:38  SCV, Engineering Bay  
  52  4:40  Marine  
  52  4:41  Marine  
  52  4:42  Siege Tank  
  57  4:47  SCV  
  57  4:50  SCV  
  59  4:53  Infernal Pre-Igniter  
  59  4:56  Hellion  
  59  4:58  Hellion  
  59  4:59  SCV  
  64  5:01  Marine  
  64  5:02  Marine  
  64  5:06  Siege Tank  
  69  5:08  SCV  
  70  5:30  Supply Depot  
  70  5:33  Supply Depot  
  70  5:41  Command Center  
  70  5:47  Factory  
  70  5:48  Factory  
  70  5:50  Supply Depot  
  70  5:52  SCV, Hellion x3  
  70  5:53  Supply Depot  
  77  6:12  Siege Tank  
  57  6:33  Siege Tank  
  57  6:35  Factory Tech Lab x2  
  57  6:37  SCV x2  
  59  6:42  Hellbat  
  59  6:43  Hellbat  
  59  6:45  Supply Depot  
  63  6:49  SCV x2  
  63  6:53  Terran Vehicle And Ship Armor Level 1, Supply Depot  
  65  7:01  SCV x2  
  67  7:13  SCV x2  
  63  7:22  Siege Tank x3  
  66  7:23  Siege Tank  
  66  7:25  SCV  
  66  7:29  SCV  
  71  7:38  SCV  
  71  7:41  SCV  
  73  7:49  Missile Turret  
  73  7:54  Siege Tank x3  
  67  8:17  Siege Tank  
  67  8:18  Widow Mine  
  67  8:19  Widow Mine  
  73  8:20  Marine x2  
  73  8:25  Command Center  
  73  8:26  Siege Tank x2, Widow Mine  
  83  8:27  Command Center  
  83  8:30  Barracks  
  83  8:33  Orbital Command  
  83  8:43  Marine x2  
  85  8:49  Siege Tank  
  85  8:52  SCV x2  
  85  8:55  Siege Tank  
  93  8:59  Siege Tank x2  
  99  9:04  SCV  
  94  9:13  Marine  
  94  9:14  Marine  
  94  9:15  Orbital Command, Widow Mine x2  
  91  9:29  Missile Turret  
  91  9:30  Missile Turret  
  84  9:31  Marine  
  84  9:34  Thor x2  
  88  10:04  Orbital Command  
  88  10:05  Thor x2  
  100  10:17  Missile Turret  
  100  10:19  Missile Turret  
  100  10:40  SCV  
  101  10:49  Barracks  
  101  10:58  Marine x2  
  101  10:59  SCV x2, Barracks  
  101  11:04  SCV  
  106  11:11  SCV  
  106  11:12  Missile Turret  
  106  11:15  Missile Turret  
  106  11:16  Missile Turret  
  107  11:30  Refinery  
  107  11:31  Refinery  
  107  11:35  Supply Depot x2  
  107  11:37  Supply Depot  
  107  11:39  Thor  
  113  11:40  Thor x2  
  113  11:44  Drilling Claws  
  125  11:52  Missile Turret  
  125  11:56  Thor, Widow Mine x2  
  125  11:57  SCV  
  136  12:40  Missile Turret  
  136  12:42  Missile Turret  
  138  12:45  Hellion x2  
Tags
 
Add a new tag
Caveats
  • Supply blocks, unpowered buildings, or Contaminate may cause inaccurate times.
  • Supply counts are checked every 10 seconds.